 Dungeon Crawl Stone Soup version 0.29.0-13-gc9e81de378 (webtiles) character file.

Game seed: 10753075265229906007

53 greasedhog the Trooper (level 3, 0/24 HPs)
             Began as a Gargoyle Abyssal Knight on Sept 11, 2022.
             Was a Believer of Lugonu.
             Slain by Crazy Yiuf
             ... wielding a +3 quarterstaff of chaos
              (1 damage)
             ... on level 2 of the Dungeon.
             The game lasted 00:01:45 (2181 turns).

greasedhog the Trooper (Gargoyle Abyssal Knight)    Turns: 2181, Time: 00:01:46

Health: 0/24       AC:  7    Str: 18    XL:     3   Next: 89%
Magic:  5/5        EV: 11    Int: 10    God:    Lugonu [**....]
Gold:   123        SH:  0    Dex: 10    Spells: 2/2 levels left

rFire   . . .      SeeInvis .   a - +1 mace
rCold   . . .      Faith    .   (no shield)
rNeg    + . .      Spirit   .   b - +0 leather armour
rPois   ∞          Reflect  .   (no helmet)
rElec   +          Harm     .   (no cloak)
rCorr   .          Rampage  .   (no gloves)
Will    .....                   (no boots)
Stlth   +.........              (no amulet)
HPRegen 0.08/turn               (no ring)
MPRegen 0.09/turn               (no ring)

@: hasted, invisible, unable to read, very quick
A: sickness immunity, AC +3, negative energy resistance 1, electricity
resistance, torment resistance 1, petrification resistance, shaggy fur 1,
inability to read after injury 1
a: Renounce Religion, Depart the Abyss, Bend Space


You were on level 2 of the Dungeon.
You worshipped Lugonu.
Lugonu was pleased with you.
You visited 1 branch of the dungeon, and saw 2 of its levels.
You visited the Abyss 1 time.

You collected 123 gold pieces.

Inventory:

Hand Weapons
 a - a +1 mace (weapon)
Armour
 b - a +0 leather armour (worn)
Scrolls
 d - 4 scrolls of immolation
 f - 2 scrolls of vulnerability
 h - a scroll of blinking
 i - a scroll of teleportation {unknown}
 j - a scroll of enchant weapon {unknown}
Potions
 c - a potion of flight {unknown}
 e - 2 potions of haste
 g - a potion of resistance {unknown}


   Skills:
 * Level 4.0 Fighting
 * Level 2.8 Maces & Flails
 - Level 2.1 Armour
 - Level 0.7 Dodging
 * Level 2.9 Invocations


You had 2 spell levels left.
You didn't know any spells.
Your spell library was empty.

Dungeon Overview and Level Annotations

Branches:
Dungeon (2/15)

Altars:

Annotations:
D:2 Crazy Yiuf


Innate Abilities, Weirdness & Mutations

You are immune to sickness and miasma.
Your stone body is resilient. (AC +3)
You are immune to poison.
You resist negative energy. (rN+)
You are resistant to electric shocks. (rElec)
You are resistant to unholy torment.
You are immune to petrification.
You are covered in fur. (AC +1)
You occasionally lose the ability to read scrolls when taking damage.


Message History

There is an escape hatch in the ceiling here.
Crazy Yiuf shouts!
Could not explore, unopened runed door.
No reachable target in view!
It was a potion of haste.
You feel yourself speed up.
Crazy Yiuf says, "Lugonu!
Cards tea sing."
As you open the door, it creaks loudly!
You barely miss Crazy Yiuf. Crazy Yiuf misses you.
You hit Crazy Yiuf.
Crazy Yiuf is lightly wounded.
Crazy Yiuf misses you.
You hit Crazy Yiuf but do no damage.
Crazy Yiuf is lightly wounded.
Crazy Yiuf barely misses you.
You closely miss Crazy Yiuf.
Crazy Yiuf is lightly wounded.
Crazy Yiuf closely misses you.
You hit Crazy Yiuf.
Crazy Yiuf is moderately wounded.
You hit Crazy Yiuf.
Crazy Yiuf is moderately wounded.
Crazy Yiuf hits you with a +3 quarterstaff of chaos!
Crazy Yiuf freezes you.
You hit Crazy Yiuf but do no damage.
Crazy Yiuf is moderately wounded.
Crazy Yiuf hits you with a +3 quarterstaff of chaos!
You feel threatened and lose the ability to read scrolls!
Ouch! That really hurt!
* * * LOW HITPOINT WARNING * * *
You fade into invisibility!
You hit Crazy Yiuf.
Crazy Yiuf is heavily wounded.
Crazy Yiuf closely misses you.
You hit Crazy Yiuf.
Crazy Yiuf is severely wounded.
Crazy Yiuf says, "Hah!"
Crazy Yiuf hits you with a +3 quarterstaff of chaos.
* * * LOW HITPOINT WARNING * * *
Crazy Yiuf burns you.
You die...

.>.........#.##
.##.#.###.####
....#.###.#
......#.#.# #####
..#.#.#.#.# #..)#
....#.....# #...#
..###.#.#.# ...
........#.# #g#
..###...#.# ♣♣@♣
........#.# ♣.♣♣
..#.......# ♣♣.♣
#.####..### ♣.♣♣
#.####..#### ♣♣.♣♣
#.##.<.....# ♣...♣♣
#.##.#..##)# ♣....♣
.....#..##.# #....#
###
#.####..##.###....##
#.#


You could see Crazy Yiuf (unable to see you).

Vanquished Creatures
  A worm (D:2)
  3 dart slugs
  3 endoplasms (D:1)
  7 goblins
  6 hobgoblins
  3 jackals (D:1)
  3 quokkas (D:1)
  2 ball pythons (D:1)
  3 bats (D:1)
  A frilled lizard (D:1)
  7 kobolds
  A rat (D:1)
40 creatures vanquished.

Notes
Turn   | Place    | Note
-------+----------+-------------------------------------------
     0 | Abyss:1  | greasedhog the Gargoyle Abyssal Knight began the quest for
                  | the Orb.
     0 | Abyss:1  | Reached XP level 1. HP: 14/14 MP: 2/2
     1 | D:1      | Escaped the Abyss
    41 | D:1      | Reached XP level 2. HP: 7/19 MP: 3/3
   676 | D:1      | Reached XP level 3. HP: 24/24 MP: 4/4
  1002 | D:1      | Found a faded altar of an unknown god.
  1516 | D:2      | Gained mutation: You occasionally lose the ability to read
                  | scrolls when taking damage. [potion of mutation]
  1516 | D:2      | Gained mutation: You are covered in fur. (AC +1) [potion of
                  | mutation]
  1691 | D:2      | Found a runed translucent door.
  1692 | D:2      | Noticed Crazy Yiuf
  1803 | D:2      | Reached skill level 4 in Fighting
  2181 | D:2      | HP: 1/24 [Crazy Yiuf/+3 quarterstaff of chaos (1)]
  2181 | D:2      | Slain by Crazy Yiuf

Illustrated notes

Levels and vault maps discovered:
D:1:      minmay_arrival_cross, layout_basic,
          shapermc_ecumenical_altar_acropolis, kennysheep_another_room,
          minmay_vboxes
D:2:      layout_basic, kennysheep_cluttered_room, minivault_26,
          minmay_fountain_box, uniq_crazy_yiuf_cottage

Skill      XL: |  1  2  3 |
---------------+----------+-----
Fighting       | 4 |  4.0
Maces & Flails | |  2.8
Armour         | |  2.1
Dodging        | |  0.7
Invocations    | |  2.9

Action                   || total
-------------------------++-------
Melee: Mace              ||   117
       Punch             ||     1
  Use: Scroll            ||     5
       Potion            ||     2
Armor: Leather armour    ||    44
Dodge: Dodged            ||    71
